 Dungeon Crawl Stone Soup version 0.14-a0-2881-g20de702 (webtiles) character file.

454048 4tharraofdagon the Shatterer (level 24, -12/176 (177) HPs)
             Began as a Human Gladiator on Feb 28, 2014.
             Was a Priest of Lugonu.
             Blown up by a cacodemon (47 damage)
             ... with a bolt of energy
             ... on Level 1 of the Abyss on Mar 1, 2014.
             The game lasted 06:04:10 (35554 turns).

4tharraofdagon the Shatterer (Human Gladiator)     Turns: 35554, Time: 06:04:11

HP -12/176 (177) AC 29     Str 27      XL: 24   Next: 71%
MP   9/34        EV 20     Int  8 (15) God: Lugonu [***...]
Gold 3940        SH 14     Dex 23      Spells:  8 memorised, 17 levels left

rFire  + + .     SeeInvis .     m - +6,+7 demon whip (vamp)
rCold  . . .     Clarity  .     I - +4 plate armour of the King of the Hill {rElec Str+3 Dex+3 Curse}
rNeg   . . .     Conserve .     U - +2 buckler {AC+3}
rPois  .         rCorr    .     k - +0 helmet {Int+3}
rElec  +         rRot     .     e - -3 cloak {MR+}
SustAb . .       Spirit   .     Y - +0 pair of gloves {Dex+3}
rMut   .         Warding  .     (no boots)
Saprov . . .     Stasis   .     (no amulet)
MR     ++...                    T - ring of protection from fire
                                n - ring "Crapt" {+Blink rF+ Int+3}

@: drained, sap magic, very resistant to hostile enchantments, extremely
unstealthy
A: rugged brown scales 1, yellow scales 1, frail 1, low mp 1, mutation
resistance 1, regeneration 1, spit poison 1, wild magic 1
a: Spit Poison, Depart the Abyss, Bend Space, Banish, Renounce Religion, Evoke
Blink
}: 4/15 runes: decaying, slimy, silver, gossamer


You were on level 1 of the Abyss.
You worshipped Lugonu.
Lugonu was most pleased with you.
You were not hungry.

You visited 10 branches of the dungeon, and saw 60 of its levels.
You visited Pandemonium 1 time, and saw 5 of its levels.
You visited the Abyss 9 times.
You also visited: Labyrinth, Sewer and Ice Cave.

You collected 6439 gold pieces.
You spent 2499 gold pieces at shops.

Inventory:

Hand weapons
 m - a +6,+7 vampiric demon whip (weapon)
 O - the +1,+10 hammer "Riyt" {elec, rC+}
   (You found it on level 4 of the Dungeon)

   Occasionally, upon striking a foe, it will discharge some electrical energy
   and cause terrible harm.
   It protects you from cold.
Armour
 e - a -3 cloak of magic resistance (worn)
 k - a +0 helmet of intelligence (worn)
 I - the cursed +4 plate armour of the King of the Hill (worn) {rElec Str+3 Dex+3 Curse}
   (You found it on level 5 of the Crypt)

   It affects your strength (+3).
   It affects your dexterity (+3).
   It insulates you from electricity.
   It may recurse itself when equipped.
   It has a curse placed upon it.
 U - a +2 buckler of protection (worn)
 Y - a +0 pair of gloves of dexterity (worn)
Magical devices
 b - a wand of draining (0)
 j - a wand of teleportation (8)
 p - a wand of cold (6)
 u - a wand of teleportation (4)
 z - a wand of cold (4)
 R - a wand of disintegration (5)
 S - a wand of invisibility (2)
Comestibles
 g - 3 pieces of ambrosia
 v - 10 meat rations
 J - a royal jelly
 L - 2 bread rations
Scrolls
 h - 2 scrolls of fog
 o - 5 scrolls of enchant armour
 q - 5 scrolls of identify
 W - 14 scrolls of remove curse
Jewellery
 c - an uncursed amulet of resist mutation
 d - a -2,+6 ring of slaying
 i - an uncursed amulet of conservation
 n - the ring "Crapt" (left hand) {+Blink rF+ Int+3}
   (You found it on level 3 of the Depths)

   [ring of intelligence]

   It affects your intelligence (+3).
   It protects you from fire.
   It lets you blink.
 w - the amulet of Cekugob {Ward -Tele Hunger rElec rPois rN+ AC+1 EV+1}
   (You bought it in a shop on level 4 of the Orcish Mines)

   [amulet of warding]

   It affects your AC (+1).
   It affects your evasion (+1).
   It insulates you from electricity.
   It protects you from poison.
   It protects you from negative energy.
   It prevents most forms of teleportation.
   It speeds your metabolism.
 x - the amulet "Kliufep" {rCorr Dex+4 Int+3}
   (You took it off a deep elf sorcerer on level 3 of the Elven Halls)

   [amulet of resist corrosion]

   It affects your intelligence (+3).
   It affects your dexterity (+4).
 y - the ring of Shadows {+Inv rN+ EV+4 Acc-4 SInv Stlth+}
   (You found it on level 4 of the Vaults)

   [ring of invisibility]

   It affects your evasion (+4).
   It affects your accuracy with ranged weapons and melee attacks (-4).
   It protects you from negative energy.
   It enhances your eyesight.
   It makes you much more stealthy.
 A - an uncursed ring of sustain abilities
 B - an uncursed ring of teleportation
 E - an uncursed ring of teleport control
 G - an uncursed ring of regeneration
 Q - the amulet of the Four Winds {Clar rN+ MR++}
   (You bought it in a shop on level 10 of the Dungeon)

   [amulet of clarity]

   It protects you from negative energy.
   It affects your resistance to hostile enchantments.
 T - a ring of protection from fire (right hand)
 Z - an uncursed ring of protection from cold
Potions
 f - a potion of speed
 s - a potion of resistance
 C - 6 potions of curing
 F - 2 potions of brilliance
 K - 2 potions of magic
 M - 6 potions of restore abilities
 P - 3 potions of lignification
Magical staves
 a - an uncursed staff of wizardry
Miscellaneous
 l - a lamp of fire
 t - a phial of floods
 D - a fan of gales
 H - a lamp of fire
 V - a fan of gales (inert)
Rods
 r - a +5 rod of clouds (13/13)
   (You found it in a labyrinth)
 N - a +4 rod of fiery destruction (11/11)
   (You found it on level 5 of the Lair of Beasts)


   Skills:
 + Level 16.0(15.1) Fighting
   Level 1.6(0.9) Axes
 * Level 21.4(20.4) Maces & Flails
 - Level 3.1(2.4) Staves
 - Level 2.0(1.3) Throwing
 + Level 16.2(15.3) Armour
 + Level 16.4(15.5) Dodging
 - Level 3.1(2.4) Shields
 - Level 8.2(7.4) Spellcasting
 - Level 9.2(8.4) Charms
 - Level 15.1(14.2) Invocations
 - Level 9.4(8.6) Evocations


You had 17 spell levels left.
You knew the following spells:

 Your Spells              Type           Power        Failure   Level  Hunger
a - Conjure Flame         Conj/Fire      #.......     100%        3    ###....
b - Stoneskin             Trmt/Erth      #.........   100%        2    ##.....
c - Flight                Chrm/Air       ##........   95%         3    ###....
d - Spectral Weapon       Hex/Chrm       ##......     95%         3    ###....
e - Sticky Flame          Conj/Fire      #.......     100%        4    ####...
f - Regeneration          Chrm/Necr      ##........   95%         3    ###....
g - Repel Missiles        Chrm/Air       ##....       67%         2    ##.....
h - Swiftness             Chrm/Air       ##......     67%         2    ##.....


Dungeon Overview and Level Annotations

Branches:
Dungeon (16/16)            Temple (0/1) D:7             Orc (4/4) D:12
    Elf (3/3) Orc:3          Lair (8/8) D:8           Swamp (5/5) Lair:3
 Spider (5/5) Lair:6        Slime (6/6) Lair:6       Vaults (5/5) D:15
  Crypt (5/5) Vaults:3     Depths (3/6) D:16
  Blade: Vaults:3-4    Tomb: Crypt:2-3

Altars:
Cheibriados
Elyvilon
Fedhas
Kikubaaqudgha
Vehumet
Xom
Yredelemnul
The Shining One
Jiyva

Shops:
D:7 *   D:10 =   D:11 (   Orc:2 *   Orc:4 =(*[   Elf:1 :   Vaults:5 *

Portals:
Hell: Depths:2
Pandemonium: Depths:3
Trove: D:11 (give 7 potions of speed)

Annotations:
D:5 Grinder
D:13 exclusion: oklob plant
Orc:3 Joseph, Sonja
Lair:2 exclusion: oklob plant
Lair:6 LIME
Swamp:3 Saint Roka
Spider:3 Rupert
Vaults:4 Mara, Margery
Crypt:2 Sojobo
Crypt:3 Boris, Khufu
Crypt:4 Mennas


Innate Abilities, Weirdness & Mutations

You are partially covered in rugged brown scales (AC +1, +3% HP).
You are partially covered in yellow scales (AC +2).
You are frail (-10% HP).
Your magical capacity is low (-10% MP).
You are somewhat resistant to further mutation.
Your natural rate of healing is unusually fast.
You can spit poison.
Your spells are a little harder to cast, but a little more powerful.


Message History

* * * LOW HITPOINT WARNING * * *
You feel sick.
You feel a little better.
Found two items.
Unknown command.
Drink which item? (? for menu, Esc to quit)
You feel better.
W - 14 scrolls of remove curse (gained 1)
There are no items here.
Found a bread ration.
L - 2 bread rations (gained 1)
There are no items here.
Unknown command.
A cacodemon comes into view.
You feel yourself speed up.
Put on which piece of jewellery? (? for menu, Esc to quit)
You remove your amulet of conservation.
The cacodemon gestures at you. The bolt of energy hits you!
You die...

# #. #.#
#.######
####.2....#
......#..#.#
#....@.#
#.#.#..# #
####.#.##.#
#...##...#
#..#...##
#.. ..##
##..#.#.#
##.#.#.##..
#...###### #


You could see a cacodemon.

Vanquished Creatures
  the royal jelly (Slime:6)
  An ancient lich (Crypt:5)
  Norris (D:15)
  Frederick (Crypt:2)
  A bone dragon (Crypt:5)
  A Hell Sentinel (Pan)
  A pandemonium lord (Pan)
  A tentacled monstrosity (Vaults:5)
  A quicksilver dragon (Vaults:5)
  2 titans (Vaults:5)
  A sphinx (Depths:3)
  15 acid blobs
  2 tentacled starspawn
  3 storm dragons (Vaults:5)
  3 ancient champions
  4 shadow dragons (Vaults:5)
  A revenant (Crypt:4)
  3 tengu reavers (Vaults:5)
  7 azure jellies
  A frost giant (Vaults:5)
  11 deep elf sorcerers (Elf:3)
  11 vault wardens
  An orc warlord (Orc:4)
  2 balrugs (Pan)
  5 emperor scorpions
  2 cacodemons (Pan)
  A blood saint (Pan)
  3 ghost moths (Spider:5)
  2 reapers
  A war gargoyle (Vaults:5)
  13 stone giants
  4 deep elf demonologists (Elf:3)
  A curse skull (Crypt:3)
  A lorocyproca (Pan)
  3 vampire knights
  2 chaos champions (Pan)
  14 deep elf annihilators (Elf:3)
  An eidolon (Crypt:3)
  26 vault guards
  3 ettins
  6 deep elf high priests
  2 death oozes
  A fire dragon (Vaults:2)
  A minotaur (Lab)
  A blizzard demon (Pan)
  6 deep elf death magi
  5 jiangshi
  3 crystal guardians (Crypt:5)
  12 yaktaur captains
  4 great orbs of eyes
  A spriggan (Swamp:5)
  An ironheart preserver (Vaults:5)
  29 hydras
  A naga warrior (Depths:3)
  2 ravenous feature mimics
  A ravenous item mimic (Vaults:5)
  2 monstrous demonspawn (Pan)
  An ice dragon (Depths:3)
  A deep troll earth mage (Depths:3)
  2 deep troll shamans (Depths:3)
  A tengu warrior (Depths:3)
  2 alligators
  10 ogre magi
  A spriggan berserker (Depths:3)
  4 orc high priests
  A titan zombie (Crypt:5)
  A plague shambler (Vaults:3)
  A spectral elf (Crypt:4)
  20 death yaks
  10 centaur warriors
  2 rakshasas
  3 thrashing horrors
  2 deep dwarf death knights
  2 vampire magi
  5 dancing weapons (Crypt:5)
  A soul eater (Crypt:4)
  A spriggan druid (Swamp:5)
  4 iron golems (Crypt:5)
  A sun demon (Pan)
  4 hell knights
  37 skeletal warriors
  A wretched star (Abyss:1)
  2 iron trolls
  2 shadow wraiths (Crypt:4)
  11 large abominations
  6 deep trolls
  3 deep elf knights
  8 swamp dragons
  An unseen horror (shapeshifter) (Vaults:2)
  11 orb spiders
  2 giant orange brains (Slime:6)
  2 flayed ghosts
  4 infernal demonspawn (Pan)
  4 deep elf summoners
  8 gelid demonspawn (Pan)
  Erolcha (D:12)
  10 hill giants
  A sea snake (shapeshifter) (Vaults:5)
  A hill giant (shapeshifter) (Vaults:5)
  2 unseen horrors
  Pikel (D:6)
  9 ironbrand convokers
  6 deep elf conjurers
  A flaming corpse (Crypt:4)
  25 wolf spiders
  6 putrid demonspawn (Pan)
  A golden dragon skeleton (Crypt:5)
  A wolf spider zombie (D:14)
  A shining eye (Slime:4)
  A fire giant zombie (Crypt:1)
  3 phantasmal warriors
  7 orc sorcerers
  10 red wasps
  A shadow dragon skeleton (Crypt:1)
  4 oklob plants (Lair:6)
  A wizard (D:16)
  9 necromancers
  A manticore (D:14)
  12 orc knights
  A stone giant zombie (Crypt:1)
  7 cyclopes
  5 griffons
  7 sixfirhies (Pan)
  A dire elephant zombie (Crypt:5)
  2 frost giant skeletons
  A draconian (shapeshifter) (D:16)
  A moth of wrath (Spider:4)
  2 salamanders (shapeshifter)
  7 elephants (Lair:8)
  A fire giant skeleton (Crypt:5)
  Maurice (D:10)
  A stone giant skeleton (Crypt:1)
  2 octopodes (D:13)
  A black mamba (Lair:4)
  6 smoke demons
  A naga mage (D:16)
  An eye of devastation (shapeshifter) (Depths:3)
  12 vault sentinels
  21 spiny frogs
  16 yaktaurs
  8 orange demons
  A mermaid (shapeshifter) (D:16)
  A yellow draconian zombie (Crypt:4)
  A spectral human (Crypt:5)
  A dryad (shapeshifter) (Elf:2)
  A black draconian skeleton (Crypt:1)
  5 hellwings (Pan)
  2 deep elf priests (Elf:2)
  11 jumping spiders
  14 demonic crawlers
  7 red devils (Pan)
  A fire drake (Lair:8)
  2 harpy zombies
  A hell beast (Pan)
  5 trolls
  4 freezing wraiths
  7 raiju (Abyss:2)
  An anaconda simulacrum (Crypt:3)
  A catoblepas zombie (Crypt:5)
  3 giant fireflies
  2 blue devils
  3 baby alligators
  3 hydra skeletons
  9 two-headed ogres
  8 blink frogs
  2 polar bears (D:13)
  An iron devil (Pan)
  3 giant leeches
  A guardian serpent zombie (Crypt:3)
  A red wasp zombie (D:16)
  15 brown oozes
  A death drake skeleton (Crypt:4)
  A formicid (shapeshifter) (D:13)
  A thorn lotus (Swamp:2)
  An ice dragon zombie (Crypt:5)
  2 ravens (Swamp:3)
  2 boulder beetles
  13 bog bodies
  37 slime creatures
  A blink frog (shapeshifter) (Vaults:3)
  5 trapdoor spiders
  A wolf spider simulacrum (Crypt:3)
  4 basilisks
  3 grizzly bears
  An alligator skeleton (Crypt:1)
  23 redbacks
  An ice dragon skeleton (Crypt:1)
  33 flying skulls
  42 ugly things
  2 wyverns
  An ettin skeleton (Crypt:5)
  6 shadows
  15 tarantellas
  16 humans (D:15)
  3 vampires
  2 elephant slugs
  A yak (shapeshifter) (Vaults:5)
  2 hill giant zombies (D:12)
  24 yaks
  A queen ant zombie (Crypt:2)
  15 deep elf magi
  2 sharks (Spider:3)
  11 deep elf fighters
  10 hippogriffs
  Eustachio (D:6)
  3 hungry ghosts
  10 wraiths
  A chaos spawn (Elf:3)
  A golden eye (shapeshifter) (Depths:3)
  3 golden eyes
  A spriggan skeleton (Crypt:5)
  A plague shambler skeleton (Vaults:3)
  4 ynoxinuls
  15 vampire mosquitoes
  12 wolves
  6 komodo dragons
  5 hell hounds (Pan)
  4 neqoxecs
  6 swamp worms
  2 mottled dragons
  4 necrophages
  A gelid demonspawn zombie (Pan)
  2 soldier ants
  8 ice beasts
  6 porcupines
  4 small abominations
  2 phantoms
  An ice beast (shapeshifter) (Vaults:5)
  A kobold demonologist (Vaults:2)
  8 swamp drakes
  42 orc warriors
  4 giant goldfish
  A snapping turtle zombie (Crypt:1)
  2 manticore zombies
  A slave (D:6)
  30 ogres
  A spiny frog skeleton (Crypt:2)
  A blink frog zombie (D:12)
  A spriggan simulacrum (Crypt:1)
  5 boring beetles
  A manticore skeleton (Crypt:1)
  A snapping turtle skeleton (Crypt:1)
  A swamp dragon skeleton (Crypt:5)
  15 crocodiles
  3 wargs
  3 yellow wasps
  22 centaurs
  21 giant frogs
  2 brain worms
  An elf zombie (Crypt:5)
  A lindwurm skeleton (Crypt:4)
  14 giant slugs
  2 yaktaur zombies
  5 big kobolds
  3 lost souls
  Blork the orc (D:6)
  15 insubstantial wisps
  20 water moccasins
  Edmund (D:4)
  8 killer bees (D:13)
  7 eyes of draining
  2 human simulacra (D:13)
  16 wights
  2 yak zombies
  2 troll zombies (D:12)
  A hippogriff skeleton (D:12)
  3 electric eels
  3 goliath beetles
  2 centaur zombies
  4 quasits
  A basilisk zombie (Crypt:1)
  6 crimson imps
  3 iguanas
  Crazy Yiuf (D:4)
  2 giant frog skeletons
  4 giant frog zombies
  7 hounds
  14 jellies
  29 orc priests
  30 spiders
  An iron imp (Abyss:1)
  25 orc wizards
  4 scorpions
  10 orange rats (Lair:8)
  A human skeleton (Crypt:4)
  6 worker ants
  A killer bee zombie (D:13)
  38 sheep
  A hippogriff simulacrum (D:13)
  A sky beast zombie (D:11)
  2 ogre zombies (D:12)
  A gnome zombie (Crypt:2)
  An ogre skeleton (Crypt:3)
  7 big fish
  A tengu skeleton (Crypt:3)
  Terence (D:2)
  A hound skeleton (Crypt:3)
  A mummy (D:12)
  A worker ant zombie (D:11)
  24 adders
  2 giant mites
  29 green rats
  5 white imps (D:13)
  4 worms
  A goliath beetle zombie (D:7)
  3 ufetubi
  A halfling zombie (Crypt:3)
  An iguana zombie (D:11)
  5 giant eyeballs
  8 giant geckos
  168 orcs
  3 ball pythons
  10 bats
  2 giant cockroaches
  5 gnolls
  17 hobgoblins
  21 jackals
  6 oozes
  10 quokkas
  3 giant newts
  18 goblins
  2 goblin skeletons (D:12)
  7 goblin zombies (D:12)
  3 hobgoblin zombies (D:12)
  An illusory rakshasa (Depths:1)
  A jackal zombie (Crypt:4)
  27 kobolds
  A lurking horror (Abyss:2)
  4 orc skeletons
  16 orc zombies
  12 rats
  A fungus (Lair:6)
  A plant (Lair:7)
  A starspawn tentacle (Abyss:1)
2044 creatures vanquished.

Vanquished Creatures (collateral kills)
  2 liches
  A stone giant (Vaults:5)
  A vault guard (Vaults:5)
  A hell knight (Crypt:5)
  3 red devils (Pan)
8 creatures vanquished.

Vanquished Creatures (others)
  the Lernaean hydra (Swamp:5)
  A deep elf blademaster (Elf:3)
  2 deep elf master archers (Elf:3)
  3 tentacled starspawn
  A fire giant (Vaults:5)
  A blood saint (Pan)
  A stone giant (Vaults:5)
  A vampire knight (Crypt:5)
  A grey draconian (shapeshifter) (Vaults:5)
  6 spectral weapons
  A deep elf high priest (Elf:3)
  An ettin (Vaults:5)
  A yaktaur captain (Vaults:5)
  An ironheart preserver (Vaults:5)
  2 vault guards (Vaults:5)
  A hydra (Swamp:5)
  4 hell knights
  2 deep elf knights (Elf:1)
  An orb spider (Spider:5)
  3 spatial maelstroms
  5 large abominations (Vaults:5)
  A moth of wrath (Spider:5)
  2 fire giant skeletons
  3 smoke demons
  An orange demon (Swamp:5)
  A vapour (Vaults:5)
  A yaktaur (Vaults:5)
  A faun (shapeshifter) (Vaults:5)
  An iron devil (Vaults:5)
  11 air elementals
  A raiju (Vaults:5)
  2 water elementals (Crypt:5)
  A spriggan (Swamp:5)
  4 komodo dragons
  A two-headed ogre (Vaults:5)
  A troll (D:9)
  A thorn lotus (Swamp:5)
  2 tarantellas
  A hippogriff (D:9)
  A deep elf mage (Elf:1)
  A soldier ant (D:11)
  A slave (D:6)
  11 small abominations
  2 ogres (Vaults:5)
  A swamp drake (Swamp:5)
  A sky beast (D:9)
  A centaur (Vaults:4)
  An ice beast (D:9)
  6 lost souls
  An insubstantial wisp (Swamp:5)
  An eye of draining (D:9)
  5 killer bees (D:9)
  A quasit (Vaults:5)
  A jelly (Abyss:2)
  2 orc wizards
  A gnoll shaman (D:9)
  A mummy (D:9)
  6 gnolls (D:9)
  An orc zombie (D:9)
  A white imp (Vaults:5)
  10 ufetubi
  2 orcs (D:6)
  A giant newt (Lair:3)
  An orc skeleton (D:9)
  A bush (Lair:8)
  24 fungi
  13 plants
  16 starspawn tentacles
  18 starspawn tentacle segments
209 creatures vanquished.

Grand Total: 2261 creatures vanquished

Notes
Turn   | Place    | Note
--------------------------------------------------------------
     0 | D:1      | 4tharraofdagon, the Human Gladiator, began the quest for the Orb.
     0 | D:1      | Reached XP level 1. HP: 16/16 MP: 1/1
    29 | D:1      | Reached XP level 2. HP: 20/22 MP: 2/2
   144 | D:1      | Cast into the Abyss (a distortion unwield)
   154 | Abyss:1  | Found a burning altar of Makhleb.
   230 | Abyss:2  | Became a worshipper of Lugonu the Unformed
   230 | Abyss:2  | Acquired Lugonu's first power
   231 | D:1      | Escaped the Abyss
   306 | D:1      | Reached skill level 1 in Armour
   416 | D:2      | Reached XP level 3. HP: 22/27 MP: 3/3
   499 | D:2      | Reached skill level 1 in Axes
   512 | D:2      | Noticed Terence
   525 | D:2      | Killed Terence
   525 | D:2      | Reached XP level 4. HP: 34/34 MP: 4/4
   969 | D:3      | Reached skill level 1 in Maces & Flails
  1043 | D:3      | Found a glowing drain.
  1076 | Sewer    | Entered a sewer
  1083 | Sewer    | Reached XP level 5. HP: 25/39 MP: 5/5
  1094 | Sewer    | HP: 2/58 [green rat (2)]
  1296 | Sewer    | Noticed a big kobold
  1389 | Sewer    | Killed a big kobold
  1389 | Sewer    | Reached XP level 6. HP: 34/46 MP: 6/6
  1411 | Sewer    | Found a white marble altar of Elyvilon.
  1622 | D:4      | Reached skill level 1 in Invocations
  1625 | D:4      | Paralysed by a giant eyeball for 3 turns
  1663 | D:4      | Reached skill level 4 in Dodging
  1666 | D:4      | Acquired Lugonu's second power
  1764 | D:4      | Reached XP level 7. HP: 39/52 MP: 8/8
  1903 | D:5      | Entered Level 5 of the Dungeon
  1904 | D:5      | Noticed Grinder
  1904 | D:5      | Paralysed by Grinder for 6 turns
  1944 | D:5      | Noticed Edmund
  1958 | D:4      | Killed Edmund
  2002 | D:3      | Found a blossoming altar of Fedhas.
  2148 | D:4      | Got a bone hammer
  2149 | D:4      | Identified the +1,+10 hammer "Riyt" {elec, rC+} (You found it on level 4 of the Dungeon)
  2152 | D:4      | Noticed Crazy Yiuf
  2163 | D:4      | Killed Crazy Yiuf
  2245 | D:5      | Got a crystal quarterstaff
  2265 | D:5      | Identified the +5,+9 quarterstaff "Riopeg" {freeze, +Rage Str+1} (You found it on level 5 of the Dungeon)
  2560 | D:5      | Reached XP level 8. HP: 50/60 MP: 11/11
  2734 | D:6      | Acquired Lugonu's third power
  2802 | D:6      | Reached skill level 5 in Maces & Flails
  2838 | D:6      | Noticed Eustachio
  2858 | D:6      | Killed Eustachio
  2858 | D:6      | Reached skill level 5 in Dodging
  2858 | D:6      | Reached skill level 1 in Evocations
  2891 | D:6      | Noticed Pikel
  2923 | D:6      | Killed Pikel
  2923 | D:6      | Reached skill level 6 in Maces & Flails
  2923 | D:6      | Reached XP level 9. HP: 54/66 MP: 13/15
  2969 | D:6      | Found a shimmering altar of Xom.
  2972 | D:6      | Noticed Blork the orc
  2979 | D:6      | Killed Blork the orc
  3048 | D:6      | Acquired Lugonu's fourth power
  3049 | D:6      | Found a snail-covered altar of Cheibriados.
  3051 | D:6      | Found a shimmering altar of Xom.
  3052 | D:6      | Found a white marble altar of Elyvilon.
  3076 | D:6      | Found a radiant altar of Vehumet.
  3341 | D:7      | Found Hasch's Assorted Antiques.
  3358 | D:7      | Bought a scroll of identify for 60 gold pieces
  3358 | D:7      | Bought a scroll of identify for 60 gold pieces
  3358 | D:7      | Bought a scroll of identify for 60 gold pieces
  3358 | D:7      | Bought a short silver wand for 120 gold pieces
  3500 | D:7      | Reached skill level 5 in Armour
  3592 | D:7      | Found a staircase to the Ecumenical Temple.
  3619 | D:7      | Reached skill level 7 in Maces & Flails
  3674 | D:8      | Found a staircase to the Lair.
  3675 | D:8      | Noticed a komodo dragon
  3710 | D:8      | Killed a komodo dragon
  3843 | D:8      | Found a basalt altar of Yredelemnul.
  4009 | D:9      | Reached skill level 5 in Fighting
  4115 | D:9      | Noticed a troll
  4116 | D:9      | Corrupted D:9
  4116 | D:9      | Noticed a freezing wraith
  4116 | D:9      | Noticed a smoke demon
  4116 | D:9      | Noticed a lich
  4116 | D:9      | Noticed an orange demon
  4116 | D:9      | Noticed a large abomination
  4116 | D:9      | Noticed a large abomination
  4116 | D:9      | Noticed a starcursed mass
  4116 | D:9      | Noticed a spatial maelstrom
  4117 | D:9      | Noticed a sixfirhy
  4118 | D:9      | Noticed a tormentor
  4119 | D:9      | Noticed an anaconda skeleton
  4119 | D:9      | Killed a troll
  4120 | D:9      | Noticed an Ice Fiend
  4121 | D:9      | Noticed a raiju
  4153 | D:9      | Banished a spatial maelstrom
  4195 | D:9      | Noticed a reaper
  4196 | D:9      | Noticed a large abomination
  4224 | D:9      | Noticed a vampire mage
  4231 | D:9      | Identified Cigotuvi's Almanac of Transformation (You found it on level 9 of the Dungeon)
  4268 | D:9      | Got an ichor-stained leather armour
  4368 | D:10     | Entered Level 10 of the Dungeon
  4373 | D:10     | Reached XP level 10. HP: 74/74 MP: 18/18
  4513 | D:10     | Reached skill level 5 in Invocations
  4558 | D:10     | Found Cuvvay's Jewellery Shop.
  4609 | D:10     | Noticed Maurice
  4664 | D:11     | Noticed a cyclops
  4694 | D:11     | Killed a cyclops
  4743 | D:11     | Reached skill level 8 in Maces & Flails
  4761 | D:11     | Acquired Lugonu's fifth power
  4883 | D:11     | Found Upsazef's Antique Weapon Boutique.
  4895 | D:11     | Noticed a hill giant
  5089 | D:11     | Found a portal to a secret trove of treasure.
  5169 | D:11     | Reached skill level 5 in Evocations
  5216 | D:11     | Reached XP level 11. HP: 78/83 MP: 20/20
  5336 | D:12     | Noticed Erolcha
  5409 | D:12     | Reached skill level 9 in Maces & Flails
  5433 | D:12     | Killed Erolcha
  5475 | D:12     | Noticed a griffon
  5489 | D:12     | Killed a griffon
  5550 | D:12     | Found a staircase to the Orcish Mines.
  5673 | D:12     | Noticed a cyclops
  5686 | D:12     | Killed a cyclops
  5709 | D:12     | Found a glowing golden altar of the Shining One.
  5843 | D:10     | Bought an uncursed ring of regeneration for 390 gold pieces
  5855 | D:10     | Identified the +0 leather armour of Impatience {rC+ Str+1} (You found it on level 9 of the Dungeon)
  5920 | D:10     | Killed Maurice
  6006 | Lair:1   | Entered Level 1 of the Lair of Beasts
  6047 | Lair:1   | Found a labyrinth entrance.
  6130 | Lab      | Entered a labyrinth
  6215 | Lab      | Noticed a minotaur
  6225 | Lab      | Killed a minotaur
  6287 | Lab      | Identified a +5 rod of clouds (13/13) (You found it in a labyrinth)
  6333 | Lair:1   | Reached skill level 10 in Maces & Flails
  6400 | Lair:2   | Reached XP level 12. HP: 82/91 MP: 23/23
  6428 | Lair:2   | Noticed an oklob plant
  6450 | Lair:3   | Found a frozen archway.
  6477 | IceCv    | Entered an ice cave
  6535 | Lair:3   | Gained mutation: You are frail (-10% HP). [potion of mutation]
  6535 | Lair:3   | Gained mutation: You are dopey. (Int -2) [potion of mutation]
  6535 | Lair:3   | Gained mutation: You are partially covered in rugged brown scales (AC +1, +3% HP). [potion of mutation]
  6758 | Lair:4   | Noticed a death yak
  6759 | Lair:4   | Noticed a death yak
  6776 | Lair:4   | Noticed a death yak
  6782 | Lair:4   | Killed a death yak
  6800 | Lair:4   | Killed a death yak
  6801 | Lair:4   | Killed a death yak
  6977 | Lair:5   | Identified a +4 rod of fiery destruction (11/11) (You found it on level 5 of the Lair of Beasts)
  7006 | Lair:5   | Noticed a six-headed hydra
  7025 | Lair:5   | Killed a six-headed hydra
  7284 | Lair:5   | Reached skill level 11 in Maces & Flails
  7574 | Lair:6   | Noticed a four-headed hydra
  7585 | Lair:6   | Reached XP level 13. HP: 91/91 MP: 25/25
  7586 | Lair:6   | Killed a four-headed hydra
  7601 | Lair:6   | Noticed a four-headed hydra
  7619 | Lair:6   | Killed a four-headed hydra
  7852 | Lair:6   | Found a hole to the Spider Nest.
  8025 | Lair:8   | Entered Level 8 of the Lair of Beasts
  8438 | Lair:8   | Reached skill level 12 in Maces & Flails
  8626 | Lair:8   | Reached XP level 14. HP: 70/100 MP: 27/27
  9273 | Lair:8   | Reached skill level 10 in Dodging
  9275 | Lair:8   | Reached skill level 13 in Maces & Flails
  9280 | Lair:8   | Reached skill level 10 in Invocations
  9382 | Lair:8   | Reached skill level 10 in Fighting
 10092 | D:10     | Bought the amulet of the Four Winds {Clar rN+ MR++} for 505 gold pieces
 10189 | Orc:1    | Entered Level 1 of the Orcish Mines
 10330 | Orc:2    | Found Beoc's Assorted Antiques.
 10339 | Orc:2    | Bought a scroll of identify for 56 gold pieces
 10339 | Orc:2    | Bought a scroll labeled PLOATE PSIKH for 28 gold pieces
 10578 | Orc:1    | Found a radiant altar of Vehumet.
 10823 | Orc:4    | Entered Level 4 of the Orcish Mines
 10992 | Orc:3    | Found a staircase to the Elven Halls.
 10995 | Orc:3    | Found a radiant altar of Vehumet.
 11122 | Orc:3    | Noticed Joseph
 11124 | Orc:3    | Noticed Sonja
 11623 | Orc:4    | Noticed an orc warlord
 11744 | Orc:4    | Reached XP level 15. HP: 106/106 MP: 28/28
 11872 | Orc:4    | Killed an orc warlord
 11872 | Orc:4    | Reached skill level 10 in Armour
 12102 | Orc:4    | Found Uplasoal's General Store.
 12188 | Orc:4    | Found Klaczoucs' Antique Armour Shoppe.
 12189 | Orc:4    | Found Foukel's Antique Weapon Shoppe.
 12190 | Orc:4    | Found Qoisyrun's Jewellery Emporium.
 12195 | Orc:4    | Bought a cursed ring of hunger for 30 gold pieces
 12247 | Orc:4    | Bought the amulet of Cekugob {Ward -Tele Hunger rElec rPois rN+ AC+1 EV+1} for 523 gold pieces
 12249 | Orc:4    | Bought an uncursed amulet of conservation for 450 gold pieces
 12249 | Orc:4    | Bought a cursed ring of teleportation for 217 gold pieces
 12352 | Elf:1    | Entered Level 1 of the Elven Halls
 12444 | Elf:1    | Found Zefebof's Book Emporium.
 12567 | Elf:2    | Identified the Volume of Transmutation and Heat (You found it on level 2 of the Elven Halls)
 12574 | Elf:2    | Learned a level 3 spell: Conjure Flame
 12577 | Elf:2    | Learned a level 2 spell: Stoneskin
 12628 | Elf:3    | Entered Level 3 of the Elven Halls
 12969 | Elf:3    | Noticed a deep elf sorcerer
 12990 | Elf:3    | Reached skill level 14 in Maces & Flails
 12990 | Elf:3    | Reached skill level 1 in Spellcasting
 12996 | Elf:3    | Killed a deep elf sorcerer
 12996 | Elf:3    | Reached skill level 1 in Shields
 13037 | Elf:3    | Got a smoking battleaxe
 13038 | Elf:3    | Noticed a deep elf sorcerer
 13054 | Elf:3    | Killed a deep elf sorcerer
 13067 | Elf:3    | Noticed a deep elf sorcerer
 13085 | Elf:3    | Killed a deep elf sorcerer
 13115 | Elf:3    | HP: 4/108 [deep elf annihilator/crystal spear (48)]
 13174 | Elf:3    | Reached XP level 16. HP: 100/115 MP: 30/30
 13182 | Elf:3    | Noticed a deep elf sorcerer
 13199 | Elf:3    | Killed a deep elf sorcerer
 13245 | Elf:3    | Learned a level 3 spell: Flight
 13274 | Elf:3    | Cast into the Abyss (deep elf demonologist)
 13292 | Abyss:1  | Noticed a tentacled starspawn
 13306 | Abyss:1  | Killed a tentacled starspawn
 13373 | Abyss:1  | Gained mutation: Your spells are a little harder to cast, but a little more powerful. [potion of mutation]
 13373 | Abyss:1  | Gained mutation: You are partially covered in yellow scales (AC +2). [potion of mutation]
 13373 | Abyss:1  | Lost mutation: You are dopey. (Int -2) [potion of mutation]
 13421 | Abyss:2  | Found a corrupted altar of Lugonu.
 13425 | Abyss:2  | Found a shattered altar of Ashenzari.
 13474 | Abyss:2  | Noticed a bone dragon
 13485 | Elf:3    | Escaped the Abyss
 13492 | Elf:3    | Noticed a deep elf sorcerer
 13528 | Elf:3    | Killed a deep elf sorcerer
 13529 | Elf:3    | Noticed a deep elf sorcerer
 13547 | Elf:3    | Killed a deep elf sorcerer
 13588 | Elf:3    | Noticed a deep elf master archer
 13602 | Elf:3    | Banished a deep elf master archer
 13636 | Elf:3    | Noticed a deep elf master archer
 13651 | Elf:3    | Banished a deep elf master archer
 13662 | Elf:3    | Noticed a deep elf sorcerer
 13685 | Elf:3    | Killed a deep elf sorcerer
 13731 | Elf:3    | Reached skill level 15 in Maces & Flails
 13797 | Elf:3    | Noticed a deep elf blademaster
 13801 | Elf:3    | Banished a deep elf blademaster
 13812 | Elf:3    | Noticed a deep elf sorcerer
 13847 | Elf:3    | Killed a deep elf sorcerer
 14098 | Abyss:1  | Noticed a bone dragon
 14192 | Elf:3    | Escaped the Abyss
 14232 | Elf:3    | Noticed a deep elf sorcerer
 14242 | Elf:3    | Cast into the Abyss (deep elf sorcerer)
 14282 | Elf:3    | Escaped the Abyss
 14331 | Elf:3    | Killed a deep elf sorcerer
 14339 | Elf:3    | Reached XP level 17. HP: 122/122 MP: 31/31
 14381 | Elf:3    | Gained mutation: You are somewhat resistant to further mutation. [potion of mutation]
 14434 | Elf:3    | Noticed a deep elf sorcerer
 14451 | Elf:3    | Killed a deep elf sorcerer
 14453 | Elf:3    | Got an ancient emerald amulet
 14454 | Elf:3    | Noticed a deep elf sorcerer
 14463 | Elf:3    | Killed a deep elf sorcerer
 14463 | Elf:3    | Reached skill level 5 in Spellcasting
 14503 | Elf:3    | Identified the Catalogue of Fetching Battle Magic
 14594 | Elf:3    | Identified the amulet "Kliufep" {rCorr Dex+4 Int+3} (You took it off a deep elf sorcerer on level 3 of the Elven Halls)
 14667 | Elf:2    | Learned a level 3 spell: Spectral Weapon
 15206 | Lair:3   | Gained mutation: Your natural rate of healing is unusually fast. [potion of mutation]
 15614 | Spider:1 | Entered Level 1 of the Spider Nest
 16612 | Spider:5 | Entered Level 5 of the Spider Nest
 17058 | Spider:5 | Reached skill level 16 in Maces & Flails
 17125 | Spider:5 | Reached skill level 1 in Charms
 17689 | Spider:5 | Reached XP level 18. HP: 86/130 MP: 32/32
 18042 | Spider:5 | Got a gossamer rune of Zot
 18151 | Spider:3 | Noticed Rupert
 18164 | Spider:3 | :(
 18400 | Lair:3   | Found a staircase to the Swamp.
 18442 | Swamp:1  | Entered Level 1 of the Swamp
 18685 | Swamp:3  | Noticed Saint Roka
 18880 | Swamp:5  | Entered Level 5 of the Swamp
 19338 | Swamp:5  | FUI
 19449 | Swamp:5  | Identified the Guide on Stones (You found it on level 5 of the Swamp)
 19478 | Swamp:5  | Noticed the 27-headed Lernaean hydra
 19481 | Swamp:5  | Corrupted Swamp:5
 19487 | Swamp:5  | Killed the 27-headed Lernaean hydra
 19496 | Swamp:5  | Noticed a lich
 19503 | Swamp:5  | Noticed a Hell Sentinel
 19558 | Swamp:5  | Noticed a bone dragon
 19589 | Swamp:5  | Got a decaying rune of Zot
 19715 | Swamp:4  | BLAH
 20346 | Lair:6   | Found a staircase to the Slime Pits.
 20429 | Slime:1  | Entered Level 1 of the Pits of Slime
 20451 | Lair:6   | Reached XP level 19. HP: 98/136 MP: 33/33
 20626 | Slime:3  | Reached skill level 17 in Maces & Flails
 20664 | Slime:4  | Gained mutation: You can spit poison. [a shining eye]
 21037 | Slime:6  | Entered Level 6 of the Pits of Slime
 21190 | Slime:6  | Reached skill level 5 in Charms
 21202 | Slime:6  | :(
 21347 | Slime:6  | Paralysed by a giant eyeball for 3 turns
 21352 | Slime:6  | Paralysed by a giant eyeball for 2 turns
 21373 | Slime:6  | Found a viscous altar of Jiyva.
 21403 | Slime:6  | Noticed the royal jelly
 21417 | Slime:6  | Killed the royal jelly
 21418 | Slime:6  | rekd
 21506 | Slime:6  | Paralysed by a giant eyeball for 4 turns
 21587 | Lair:6   | this
 21748 | Slime:6  | Identified the Handbook of Scorching Battle Magic (You found it on level 6 of the Pits of Slime)
 21756 | Slime:6  | Got a slimy rune of Zot
 21860 | Slime:6  | Reached XP level 20. HP: 130/144 MP: 34/34
 21985 | Lair:6   | :(
 22235 | D:12     | Noticed an unseen horror
 22244 | D:12     | Killed an unseen horror
 22493 | D:13     | Got a pair of crude boots
 22496 | D:13     | Identified the cursed -3 pair of boots of Distant Shores {rC+} (You found it on level 13 of the Dungeon)
 22868 | D:14     | Learned a level 4 spell: Sticky Flame
 23038 | D:15     | Entered Level 15 of the Dungeon
 23117 | D:15     | Noticed Norris
 23186 | D:15     | Killed Norris
 23210 | D:15     | Found a gate to the Vaults.
 23341 | Vaults:1 | Entered Level 1 of the Vaults
 23347 | Vaults:1 | Identified the Grimoire of Supportive Cold (You found it on level 1 of the Vaults)
 23683 | Vaults:2 | Reached skill level 18 in Maces & Flails
 24342 | Vaults:2 | HP: 7/145 [vault warden/long sword (31)]
 24654 | Vaults:4 | Paralysed by a red wasp for 2 turns
 24727 | Vaults:4 | Reached XP level 21. HP: 122/150 MP: 35/35
 24802 | Vaults:4 | Noticed Margery
 24824 | Vaults:5 | Entered Level 5 of the Vaults
 25300 | Vaults:5 | Got a silver rune of Zot
 25314 | Vaults:5 | Got a steaming chain mail
 25315 | Vaults:5 | let it be good
 25317 | Vaults:5 | Identified the -6 chain mail of Hedging {Int+3 Stlth} (You found it on level 5 of the Vaults)
 25414 | Abyss:1  | Noticed a bone dragon
 25445 | Abyss:1  | HP: 5/151 [bone dragon (10)]
 25560 | Vaults:5 | Escaped the Abyss
 25697 | Vaults:5 | Identified the Collected Works on the Cloudy Oath (You found it on level 5 of the Vaults)
 25989 | Vaults:5 | Corrupted Vaults:5
 26373 | Vaults:5 | ofc
 26544 | Vaults:5 | Reached skill level 15 in Invocations
 26822 | Vaults:5 | Escaped the Abyss
 26846 | Vaults:5 | Reached skill level 19 in Maces & Flails
 26867 | Vaults:5 | Reached XP level 22. HP: 90/158 MP: 37/37
 27004 | Vaults:5 | Found Ghodo's Assorted Antiques.
 27951 | Vaults:4 | Noticed Mara
 27953 | Vaults:4 | Noticed 4tharraofdagon's illusion
 28007 | Vaults:3 | Found Phohouko's General Store.
 28014 | Vaults:3 | Phohouko's General Store was a mimic.
 28153 | Vaults:3 | Found a staircase to the Crypt.
 28222 | Crypt:1  | Entered Level 1 of the Crypt
 28666 | Crypt:2  | Noticed Frederick
 28698 | Crypt:2  | Killed Frederick
 28828 | Crypt:2  | Noticed Sojobo
 28902 | Crypt:3  | Noticed Khufu
 28908 | Crypt:3  | Noticed Boris
 28912 | Crypt:3  | Noticed a greater mummy
 28913 | Crypt:3  | Noticed a greater mummy
 29186 | Crypt:4  | Reached skill level 15 in Dodging
 29280 | Crypt:4  | Noticed Mennas
 29659 | Crypt:4  | Reached skill level 15 in Armour
 29715 | Crypt:5  | Entered Level 5 of the Crypt
 29783 | Crypt:5  | Reached XP level 23. HP: 126/165 MP: 37/37
 29940 | Crypt:5  | Reached skill level 20 in Maces & Flails
 30461 | Crypt:5  | no
 30485 | Crypt:5  | Got a transparent bronze ring
 30485 | Crypt:5  | Got a shimmering glass ring
 30492 | Crypt:5  | Identified the ring of the Lily {rN+ Str-4 Int-3} (You found it on level 5 of the Crypt)
 30494 | Crypt:5  | Identified the ring of Yriojere {rN+ Str+4 Dex-2} (You found it on level 5 of the Crypt)
 30542 | Crypt:5  | Reached skill level 15 in Fighting
 30598 | Crypt:5  | Identified Cigotuvi's Papyrus of Darkness
 30603 | Crypt:5  | Learned a level 3 spell: Regeneration
 30618 | Crypt:5  | Found an ancient bone altar of Kikubaaqudgha.
 30618 | Crypt:5  | Noticed an ancient lich
 30641 | Crypt:5  | Killed an ancient lich
 30692 | Crypt:5  | Got a steaming plate armour
 30708 | Crypt:5  | Identified the +4 plate armour of the King of the Hill {rElec Str+3 Dex+3 Curse} (You found it on level 5 of the Crypt)
 31613 | Crypt:2  | Paralysed by something for 3 turns
 31640 | Crypt:2  | Paralysed by something for 6 turns
 32847 | D:16     | Entered Level 16 of the Dungeon
 33282 | D:16     | Found a staircase to the Depths.
 33294 | Depths:1 | Entered Level 1 of the Depths
 33344 | Depths:2 | Reached XP level 24. HP: 168/174 MP: 38/38
 33377 | Depths:2 | Found a gateway to Hell.
 33482 | Depths:3 | Got a crude brass ring
 33483 | Depths:3 | Identified the ring "Crapt" {+Blink rF+ Int+3} (You found it on level 3 of the Depths)
 33610 | Depths:3 | Found a one-way gate leading to the halls of Pandemonium.
 33884 | Depths:3 | Escaped the Abyss
 33913 | Depths:3 | Learned a level 2 spell: Repel Missiles
 33916 | Depths:3 | Learned a level 2 spell: Swiftness
 33923 | Pan      | Entered Pandemonium
 33990 | Pan      | Reached skill level 21 in Maces & Flails
 34229 | Pan      | Noticed Khuiruot the pandemonium lord
 34283 | Pan      | Killed Khuiruot the pandemonium lord
 34678 | Pan      | Escaped the Abyss
 34999 | Pan      | Noticed Claroag the pandemonium lord
 35445 | Pan      | Gained mutation: Your magical capacity is low (-10% MP). [a cacodemon]
 35554 | Abyss:1  | Blown up by a cacodemon

Action                   |  1- 3 |  4- 6 |  7- 9 | 10-12 | 13-15 | 16-18 | 19-21 | 22-24 || total
-------------------------+-------+-------+-------+-------+-------+-------+-------+-------++-------
Melee: Quarterstaff      |    19 |       |       |       |       |       |       |       ||    19
       Hand axe          |    47 |       |       |       |       |       |       |       ||    47
       Flail             |       |   113 |    38 |       |       |       |       |       ||   151
       Mace              |       |    15 |       |       |       |       |       |       ||    15
       Hammer            |       |       |   228 |   692 |  1406 |  1615 |  1685 |   549 ||  6175
       Unarmed           |       |       |       |       |       |    12 |       |       ||    12
       Demon whip        |       |       |       |       |       |       |       |  2417 ||  2417
       Rod               |       |       |       |       |       |       |       |    19 ||    19
 Fire: Blowgun           |       |       |     6 |     2 |       |       |       |       ||     8
Throw: Throwing net      |     4 |     4 |     5 |       |       |       |       |       ||    13
 Cast: Conjure Flame     |       |       |       |       |       |       |    22 |    14 ||    36
       Spectral Weapon   |       |       |       |       |       |       |     5 |     5 ||    10
       Stoneskin         |       |       |       |       |       |       |     1 |       ||     1
Invok: Depart the Abyss  |     1 |       |       |       |       |     3 |     2 |     1 ||     7
       Corrupt           |       |       |     1 |       |       |     1 |     1 |       ||     3
       Banish            |       |       |       |     4 |     3 |     8 |    12 |    11 ||    38
       Enter the Abyss   |       |       |       |       |       |     1 |     2 |     3 ||     6
 Abil: Evoke Flight      |       |       |       |       |       |     3 |       |       ||     3
       Evoke Teleportati |       |       |       |       |       |     2 |     1 |       ||     3
       Evoke Teleport Co |       |       |       |       |       |       |       |     1 ||     1
Evoke: Wand              |       |       |    10 |    13 |    11 |     7 |     3 |     6 ||    50
       Rod               |       |       |       |     8 |    16 |    20 |    33 |    15 ||    92
       Fan of gales      |       |       |       |       |       |       |     2 |     5 ||     7
       Phial of floods   |       |       |       |       |       |       |       |     3 ||     3
       Lamp of fire      |       |       |       |       |       |       |       |     1 ||     1
  Use: Potion            |     1 |     6 |       |     4 |     8 |    11 |    14 |     8 ||    52
       Scroll            |       |       |    11 |    12 |    21 |    11 |    12 |    35 ||   102
 Stab: Held in net/web   |       |     1 |     1 |       |       |       |       |       ||     2
       Invisible         |       |       |       |     3 |     4 |       |       |       ||     7
       Confused          |       |       |       |     1 |       |       |     6 |       ||     7
       Sleeping          |       |       |       |       |       |       |     2 |     2 ||     4
       Distracted        |       |       |       |       |       |       |       |     6 ||     6
